 Dungeon Crawl Stone Soup version 0.27-a0-1296-g8ece459b43 (webtiles) character file.

Game seed: 14708981452500602234

22 Delamore the Skirmisher (level 3, 26/30 HPs)
             Began as a Formicid Fighter on June 16, 2021.
             Was a Follower of Trog.
             Quit the game on level 1 of the Dungeon.
             The game lasted 00:00:27 (408 turns).

Delamore the Skirmisher (Formicid Fighter)           Turns: 408, Time: 00:00:27

Health: 26/30      AC:  6    Str: 21    XL:     3   Next: 7%
Magic:  3/3        EV:  8    Int:  7    God:    Trog [*.....]
Gold:   19         SH:  9    Dex: 10    Spells: 2/2 levels left

rFire    . . .     SeeInvis +   a - +0 trident
rCold    . . .     Faith    .   c - +0 kite shield
rNeg     . . .     Spirit   .   b - +0 scale mail
rPois    .         Reflect  .   (helmet unavailable)
rElec    .         Harm     .   (no cloak)
rCorr    .         Rampage  .   (no gloves)
Will     .....                  (no boots)
Stlth    ..........             (no amulet)
HPRegen  0.10/turn              (no ring)
MPRegen  0.08/turn              (no ring)

@: no status effects
A: permanent stasis, dig shafts and tunnels, antennae 3, four strong arms
a: Dig, Shaft Self, Renounce Religion


You were on level 1 of the Dungeon.
You worshipped Trog.
Trog was aware of your devotion.
You visited 1 branch of the dungeon, and saw 1 of its levels.

You collected 19 gold pieces.

Inventory:

Hand Weapons
 a - a +0 trident (weapon)
Armour
 b - a +0 scale mail (worn)
 c - a +0 kite shield (worn)
Potions
 d - a potion of might
 e - a potion of brilliance {unknown}


   Skills:
 + Level 3.7 Fighting
 * Level 3.0 Polearms
 - Level 3.2 Armour
 - Level 3.6 Shields


You had 2 spell levels left.
You didn't know any spells.
Your spell library was empty.

Dungeon Overview and Level Annotations

Branches:
Dungeon (1/15)

Altars:
Trog


Innate Abilities, Weirdness & Mutations

You cannot be hasted, slowed, berserked, paralysed or teleported.
You can dig through walls and to a lower floor.
You have a pair of large antennae on your head. (SInv)
Your four strong arms can wield two-handed weapons with a shield.


Message History

No target in view!
No target in view!
No target in view!
No target in view!
No target in view!
No target in view!
No target in view!
You see here a +0 club.
Found 19 arrows.
You sense a monster nearby.
A rat and a kobold come into view.
The kobold shouts!
A hobgoblin comes into view.
You miss the kobold. The kobold closely misses you.
You hit the kobold but do no damage. You block the kobold's attack.
You hit the kobold.
You kill the kobold!
Trog accepts your kill. You block the rat's attack.
You have reached level 3!
Your experience leads to an increase in your attributes!
Increase (S)trength, (I)ntelligence, or (D)exterity?
You feel stronger.
You puncture the rat!
You kill the rat!
Trog accepts your kill.
You hit the hobgoblin but do no damage. You block the hobgoblin's attack.
The hobgoblin hits you.
You puncture the hobgoblin!
You kill the hobgoblin!
Trog accepts your kill.
Your Polearms skill increases to level 3!
No target in view!
No target in view!
No target in view!
No target in view!
No target in view!
No target in view!
Autopickup is now off.
Are you sure you want to abandon this character and quit the game? (Confirm with "yes".)

#...#.......
#..........
.........
....... .....
... #)# .# #@#
.# #.#########.#
#.........#.#
#########.#.# .#
#######.#.##..##
................
............#.#
#######.###...##
................


There were no monsters in sight!

Vanquished Creatures
  2 dart slugs (D:1)
  5 goblins (D:1)
  4 hobgoblins (D:1)
  2 ball pythons (D:1)
  A bat (D:1)
  2 kobolds (D:1)
  A rat (D:1)
17 creatures vanquished.

Notes
Turn   | Place    | Note
-------+----------+-------------------------------------------
     0 | D:1      | Delamore the Formicid Fighter began the quest for the Orb.
     0 | D:1      | Reached XP level 1. HP: 18/18 MP: 1/1
    64 | D:1      | Reached XP level 2. HP: 20/24 MP: 2/2
   246 | D:1      | Found a faded altar of an unknown god.
   265 | D:1      | Became a worshipper of Trog the Wrathful
   265 | D:1      | Reached * piety under Trog
   405 | D:1      | Reached XP level 3. HP: 30/30 MP: 3/3
   408 | D:1      | Quit the game

Illustrated notes

Levels and vault maps discovered:
D:1:      dpeg_chamrin_arrival_tetris, layout_basic,
          hellmonk_ecumenical_altar_pennies_from_heaven

Skill      XL: |  1  2  3 |
---------------+----------+-----
Polearms       | 3 |  3.0
Fighting       | |  3.7
Armour         | |  3.2
Shields        | |  3.6

Action                   || total
-------------------------++-------
Melee: Trident           ||    37
Armor: Scale mail        ||     8
Dodge: Dodged            ||     4
Block: Kite shield       ||    13

Table legend: (Time is in decaauts)
 A = Elapsed time spent in this place.
 B = Non-inter-level travel time spent in this place.
 C = Inter-level travel time spent in this place.
 D = Time resting spent in this place.
 E = Time spent auto-exploring this place.
 F = Levels seen in this place.
 G = Mean time per level.
                   A        B        C        D        E       F      G
               +--------+--------+--------+--------+--------+-----+--------+
         Total |    423 |    423 |      0 |      0 |    339 |   1 |  423.0 |
       Dungeon |    423 |    423 |      0 |      0 |    339 |   1 |  423.0 |
               +--------+--------+--------+--------+--------+-----+--------+

Top non-repeatable levels by time:
     D:1: 423 daAuts
